 Dungeon Crawl Stone Soup version 0.27.0-1-g7a089689b8 (webtiles) character file.

Game seed: 8774983320954370428

198 Angani the Magician (level 5, -2/55 HPs)
             Began as a Demonspawn Hedge Wizard on Aug 12, 2021.
             Was an Initiate of Gozag.
             Slain by a wyvern (10 damage)
             ... on level 4 of the Dungeon.
             The game lasted 00:14:50 (4889 turns).

Angani the Magician (Demonspawn Hedge Wizard)       Turns: 4889, Time: 00:14:51

Health: -2/55      AC: 11    Str: 11    XL:     5   Next: 47%
Magic:  10/10      EV:  6    Int: 16    God:    Gozag
Gold:   222        SH:  0    Dex: 16    Spells: 10/11 levels left

rFire    + . .     SeeInvis .   d - +2 flail (protect)
rCold    . . .     Faith    .   (no shield)
rNeg     . . .     Spirit   .   p - +2 chain mail of Kleptomania {rF+ Dex+4}
rPois    .         Reflect  .   c - +0 hat
rElec    .         Harm     .   n - +0 cloak
rCorr    .         Rampage  .   (no gloves)
Will     .....                  (no boots)
Stlth    ..........             (no amulet)
HPRegen  0.18/turn              (no ring)
MPRegen  0.12/turn              (no ring)

@: berserking, very quick
A: hooves 1, powered by death 1, sturdy frame 1
a: Renounce Religion, Potion Petition, Call Merchant, Bribe Branch


You were on level 4 of the Dungeon.
You worshipped Gozag.
Gozag was aware of your devotion.
You visited 1 branch of the dungeon, and saw 4 of its levels.

You collected 727 gold pieces.
You spent 483 gold pieces at shops.
You paid 22 gold pieces to Gozag.

Inventory:

Hand Weapons
 d - a +2 flail of protection (weapon)
Armour
 b - a +0 robe
 c - a +0 hat (worn)
 f - the +1 ring mail of the Farmer {Contam rPois rF+ Dex+3}
   (You bought it in a shop on level 3 of the Dungeon)

   Dex:       It affects your dexterity (+3).
   rF:        It protects you from fire.
   rPois:     It protects you from poison.
   Contam:    It causes magical contamination when unequipped.
 k - a +0 buckler
 n - a +0 cloak (worn)
 p - the +2 chain mail of Kleptomania (worn) {rF+ Dex+4}
   (You bought it in a shop on level 3 of the Dungeon)

   Dex:       It affects your dexterity (+4).
   rF:        It protects you from fire.
Magical Staves
 r - a staff of fire
Jewellery
 h - a ring of ice
Scrolls
 e - 2 scrolls of immolation
 j - a scroll of teleportation
Potions
 a - 2 potions of attraction {unknown}
 g - 4 potions of degeneration {unknown}
 i - a potion of ambrosia {unknown}
 l - a potion of heal wounds {unknown}
 m - a potion of curing {unknown}
 o - a potion of might {unknown}


   Skills:
 + Level 1.0 Fighting
 - Level 1.7 Dodging
 - Level 1.7 Stealth
 - Level 3.6 Spellcasting
 - Level 2.5 Conjurations
 - Level 2.5 Summonings
 - Level 2.2 Translocations
 * Level 2.2 Invocations


You had 10 spell levels left.
You knew the following spells:

 Your Spells              Type           Power      Damage    Failure   Level
a - Magic Dart            Conj           44%        1d5       80%         1

Your spell library contained the following spells:

 Spells                   Type           Power      Damage    Failure   Level
 Call Imp                 Summ           10%        N/A       91%         2
 Blink                    Tloc           N/A        N/A       94%         2
 Slow                     Hex            2%         N/A       99%         2
 Confusing Touch          Hex            2%         N/A       100%        3
 Conjure Flame            Conj/Fire      7%         6-21      100%        3
 Mephitic Cloud           Conj/Pois/Air  5%         N/A       100%        3
 Vampiric Draining        Necr           1%         2d6       100%        3


Dungeon Overview and Level Annotations

Branches:
Dungeon (4/15)
 Temple: D:4-7

Altars:
Dithmenos
Gozag
Nemelex Xobeh
Uskayaw

Shops:
D:3 [[*

Annotations:
D:2 Natasha


Innate Abilities, Weirdness & Mutations

You have large cloven feet.
You regenerate a little health from kills.
Your movements are slightly less encumbered by armour. (ER -2)


Message History

As you read the scroll labelled DUTIUSHR KIGH, it crumbles to dust.
You hear a loud clanging noise!
It was a scroll of noise.
You hear a shout! x3
An orc comes into view. It is wielding a +0 short sword.
There is an open door here.
It was a potion of berserk rage.
A red film seems to cover your vision as you go berserk!
You feel yourself moving faster!
You feel mighty! The wyvern bites you! x2
Your chain mail of Kleptomania prevents you from hitting the wyvern.
Your kick misses the wyvern. The wyvern closely misses you.
You thump the wyvern!
Your weapon exudes an aura of protection.
The wyvern is moderately wounded.
The wyvern bites you but does no damage.
The wyvern bites you.
You barely miss the wyvern. You kick the wyvern.
The wyvern is heavily wounded.
The wyvern bites you.
You hit the wyvern.
The wyvern is severely wounded.
The wyvern closely misses you. The wyvern barely misses you.
You closely miss the wyvern.
The wyvern is severely wounded.
The wyvern bites you but does no damage.
You closely miss the wyvern.
The wyvern is severely wounded.
The wyvern bites you!
Your chain mail of Kleptomania prevents you from hitting the wyvern.
The wyvern is severely wounded.
The wyvern bites you but does no damage. x2
Your chain mail of Kleptomania prevents you from hitting the wyvern.
The wyvern is heavily wounded.
The wyvern bites you!
* * * LOW HITPOINT WARNING * * *
You closely miss the wyvern.
The wyvern is heavily wounded.
The wyvern bites you!
You die...
Your body crumbles into a pile of gold.

.#........#..#....# ...
.'........#..#....# ....
.#........#+##....####....
.###'##+#...............##
...#....#...............'.
...#....#...............#
..##....#...............#
..##....##..).#+##.....##.
...#.....+....#.@lo....'..
...#.....#....#..#.....#..
####..####....####.....###
..##..#....####...........
..#...'....# #...........
..#...#....+ #...........
..#...#....# #...........
..#####....#+##...........
#.................#######.


You could see a wyvern and an orc.

Vanquished Creatures
  A hound (D:4)
  Natasha (D:2)
  A gnoll (D:1)
  5 adders
  A white imp (D:4)
  A worm (D:2)
  3 dart slugs
  An orc (D:4)
  6 ball pythons
  6 endoplasms
  A giant cockroach (D:1)
  9 goblins
  7 hobgoblins
  9 jackals
  5 kobolds
  2 quokkas (D:1)
  3 bats
  3 frilled lizards
  6 rats
71 creatures vanquished.

Vanquished Creatures (others)
  2 plants (D:3)
2 creatures vanquished.

Grand Total: 73 creatures vanquished

Notes
Turn   | Place    | Note
-------+----------+-------------------------------------------
     0 | D:1      | Angani the Demonspawn Hedge Wizard began the quest for the
                  | Orb.
     0 | D:1      | Reached XP level 1. HP: 13/13 MP: 4/4
   202 | D:1      | Reached skill level 1 in Translocations
   547 | D:1      | Gained mutation: You regenerate a little health from kills.
                  | [demonic ancestry]
   547 | D:1      | Reached XP level 2. HP: 14/19 MP: 6/6
   886 | D:1      | Gained mutation: You have large cloven feet. [demonic
                  | ancestry]
   886 | D:1      | Reached XP level 3. HP: 24/24 MP: 5/7
  2241 | D:2      | Found a faded altar of an unknown god.
  2341 | D:2      | Reached XP level 4. HP: 26/30 MP: 5/9
  2786 | D:2      | Noticed Natasha
  2910 | D:3      | Found a sparkling altar of Nemelex Xobeh.
  3002 | D:3      | Found Eryisarch's Antique Armour Shoppe.
  3151 | D:3      | Found Mifarhuo's Antique Armour Shop.
  3270 | D:3      | Found an opulent altar of Gozag.
  3276 | D:3      | Became a worshipper of Gozag Ym Sagoz the Greedy
  3356 | D:3      | Found Zuewif's General Store.
  3756 | D:2      | Killed Natasha
  3989 | D:2      | Noticed a phantom
  3995 | D:2      | Noticed Natasha
  4121 | D:3      | Gained mutation: Your movements are slightly less
                  | encumbered by armour. (ER -2) [demonic ancestry]
  4121 | D:3      | Reached XP level 5. HP: 35/35 MP: 10/10
  4156 | D:4      | Found a shadowy altar of Dithmenos.
  4199 | D:4      | Found a hide-covered altar of Uskayaw.
  4235 | D:4      | Identified a scroll of acquirement
  4236 | D:4      | Acquired 454 gold pieces
  4268 | D:3      | Bought a warped ring mail for 189 gold pieces
  4268 | D:3      | Identified the +1 ring mail of the Farmer {Contam rPois rF+
                  | Dex+3} (You bought it in a shop on level 3 of the Dungeon)
  4309 | D:3      | Bought a jet-encrusted chain mail for 294 gold pieces
  4309 | D:3      | Identified the +2 chain mail of Kleptomania {rF+ Dex+4}
                  | (You bought it in a shop on level 3 of the Dungeon)
  4602 | D:4      | Noticed a wyvern
  4621 | D:4      | Reached skill level 1 in Invocations
  4739 | D:4      | Reached skill level 1 in Fighting
  4889 | D:4      | Slain by a wyvern

Illustrated notes

Levels and vault maps discovered:
D:1:      psy_arrival_radial01, layout_basic
D:2:      layout_basic, shapermc_ecumenical_altar_petra, uniq_natasha
D:3:      layout_basic, nicolae_overflow_crystal_walls, nemelex_altar_shiori,
          serial_shops, nicolae_shop_overgrown_old_shop,
          nicolae_shop_statue_plus, shop_fountains
D:4:      minmay_inner_zag, layout_gridville, mainiacjoe_overflow_alcove_1,
          mainiacjoe_overflow_large_starburst

Skill      XL: |  1  2  3  4  5 |
---------------+----------------+-----
Translocations | 1 2 |  2.2
Conjurations   | 2 |  2.5
Summonings     | 2 |  2.5
Invocations    | 2 |  2.2
Fighting       | 1 |  1.0
Dodging        | |  1.7
Stealth        | |  1.7
Spellcasting   | |  3.6

Action                   |  1- 3 |  4- 6 || total
-------------------------+-------+-------++-------
Melee: Flail             |    46 |    66 ||   112
       Kick              |     4 |    13 ||    17
 Cast: Magic Dart        |    72 |    58 ||   130
  Use: Scroll            |       |     5 ||     5
       Potion            |       |     1 ||     1
Armor: Robe              |    13 |     8 ||    21
       Chain mail        |       |    37 ||    37
Dodge: Dodged            |    38 |    35 ||    73
